 Dungeon Crawl Stone Soup version 0.27-a0-1177-g245c70e1c0 (webtiles) character file.

Game seed: 3762960934148576361

484 dio423 the Slasher (level 6, 0/49 HPs)
             Began as a Demonspawn Abyssal Knight on May 16, 2021.
             Was a Believer of Lugonu.
             Succumbed to a hornet's poison
             ... while paralysed by a hornet
             ... on level 4 of the Dungeon.
             The game lasted 00:15:03 (4230 turns).

dio423 the Slasher (Demonspawn Abyssal Knight)      Turns: 4230, Time: 00:15:04

Health: 0/49       AC: 16    Str: 14    XL:     6   Next: 88%
Magic:  7/7        EV:  2    Int: 14    God:    Lugonu [**....]
Gold:   14         SH:  0    Dex: 12    Spells: 5/5 levels left

rFire    . . .     SeeInvis .   a - +2 falchion
rCold    + . .     Faith    .   (no shield)
rNeg     . . .     Spirit   .   e - +3 plate armour
rPois    .         Reflect  .   l - +0 helmet
rElec    .         Harm     .   c - +0 cloak
rCorr    .         Rampage  .   (no gloves)
Will     .....                  (no boots)
Stlth    ..........             (no amulet)
HPRegen  0.16/turn              j - ring of protection from cold
MPRegen  0.20/turn              (no ring)

@: paralysed, mighty, lethally poisoned (0 -> -25), slowed
A: powered by pain 1, magic regeneration, sturdy frame 1
a: Renounce Religion, Depart the Abyss, Bend Space


You were on level 4 of the Dungeon.
You worshipped Lugonu.
Lugonu was pleased with you.
You visited 1 branch of the dungeon, and saw 4 of its levels.
You visited the Abyss 1 time.

You collected 252 gold pieces.
You spent 238 gold pieces at shops.

Inventory:

Hand Weapons
 a - a +2 falchion (weapon)
Armour
 c - a +0 cloak (worn)
 e - a +3 plate armour (worn)
 l - a +0 helmet (worn)
Jewellery
 j - a ring of protection from cold (left hand)
Wands
 n - a wand of flame (17)
Scrolls
 i - a scroll of blinking
 m - 2 scrolls of immolation
 o - a scroll of identify
Potions
 b - a potion of attraction {unknown}
 d - a potion of berserk rage {unknown}
 f - a potion of mutation {unknown}
 g - 2 potions of brilliance
 h - a potion of magic {unknown}


   Skills:
 + Level 4.4 Fighting
 + Level 4.8 Long Blades
 + Level 3.5 Armour
 + Level 1.6 Dodging
 + Level 0.3 Stealth
 + Level 2.5 Invocations


You had 5 spell levels left.
You didn't know any spells.
Your spell library contained the following spells:

 Spells                   Type           Power      Damage    Failure   Level
 Corona                   Hex            0%         N/A       100%        1
 Ensorcelled Hibernation  Hex/Ice        0%         N/A       100%        2
 Confusing Touch          Hex            0%         N/A       100%        3
 Dazzling Flash           Conj/Hex       0%         N/A       100%        3
 Tukima's Dance           Hex            0%         N/A       100%        3


Dungeon Overview and Level Annotations

Branches:
Dungeon (4/15)             Temple (0/1) D:4

Altars:

Shops:
D:4 :??


Innate Abilities, Weirdness & Mutations

You sometimes gain a little power by taking damage.
You regenerate magic rapidly.
Your movements are slightly less encumbered by armour. (ER -2)


Message History

You open the door.
Found Jutiut's Magic Scroll Shoppe.
There is an open door here.
There is an entrance to Jutiut's Magic Scroll Shoppe here.
You open the door.
A hornet comes into view.
The hornet stings you but does no damage.
A hornet is nearby!
You feel very mighty all of a sudden.
The hornet stings you but does no damage.
You hit the hornet but do no damage.
The hornet stings you but does no damage.
The hornet barely misses you.
You closely miss the hornet.
The hornet stings you but does no damage.
The hornet barely misses you.
You miss the hornet. The hornet stings you.
You feel yourself slow down.
You hit the hornet.
The hornet is lightly wounded.
The hornet stings you.
You are poisoned.
You feel as though you will be slow longer.
The hornet stings you but does no damage. x2
You slash the hornet!
The hornet is heavily wounded.
You feel very sick. The hornet stings you!
You feel as though you will be slow longer.
The hornet stings you.
You feel as though you will be slow longer.
You hit the hornet.
The hornet is heavily wounded.
You feel sick. The hornet stings you!
You are more poisoned.
You suddenly lose the ability to move!
The hornet stings you!
* * * LOW HITPOINT WARNING * * *
You are more poisoned.
You feel as though you will be slow longer.
The hornet stings you but does no damage.
You die...

## ### # ......#
#.#.#. # #≈≈.≈ .#
##≈#y# .# #..+@+..#
#.≈#'#≈# #.≈≈.≈≈#
#############....###
#............[..##
#.###############
..# ###


You could see a hornet.

Vanquished Creatures
  Sigmund (D:3)
  A black bear (D:4)
  A scorpion (D:4)
  Jessica (D:2)
  An iguana (D:4)
  3 adders
  An ufetubus (D:4)
  An adder zombie (D:3)
  5 dart slugs
  4 orcs (D:3)
  9 ball pythons
  7 bats
  6 endoplasms
  6 giant cockroaches
  8 goblins
  6 hobgoblins
  3 jackals (D:1)
  3 quokkas
  7 frilled lizards
  5 kobolds
  7 rats
86 creatures vanquished.

Vanquished Creatures (others)
  4 toadstools (D:1)
4 creatures vanquished.

Grand Total: 90 creatures vanquished

Notes
Turn   | Place    | Note
-------+----------+-------------------------------------------
     0 | Abyss:1  | dio423 the Demonspawn Abyssal Knight began the quest for
                  | the Orb.
     0 | Abyss:1  | Reached XP level 1. HP: 18/18 MP: 2/2
    47 | Abyss:1  | Found a corrupted altar of Lugonu.
   111 | Abyss:2  | Noticed a quasit
   116 | Abyss:2  | Noticed a smoke demon
   127 | D:1      | Escaped the Abyss
   278 | D:1      | Gained mutation: You regenerate magic rapidly. [demonic
                  | ancestry]
   278 | D:1      | Reached XP level 2. HP: 15/24 MP: 3/3
   289 | D:1      | Reached * piety under Lugonu
   633 | D:1      | Reached skill level 1 in Dodging
   924 | D:1      | Gained mutation: Your movements are slightly less
                  | encumbered by armour. (ER -2) [demonic ancestry]
   924 | D:1      | Reached XP level 3. HP: 23/29 MP: 4/4
  1490 | D:2      | Noticed Jessica
  1500 | D:2      | Killed Jessica
  1538 | D:2      | Reached XP level 4. HP: 27/37 MP: 5/5
  2038 | D:2      | Found a faded altar of an unknown god.
  2313 | D:3      | Reached ** piety under Lugonu
  2733 | D:3      | Reached XP level 5. HP: 33/42 MP: 6/6
  3180 | D:3      | Noticed Sigmund
  3203 | D:3      | Killed Sigmund
  3204 | D:3      | Gained mutation: You sometimes gain a little power by
                  | taking damage. [demonic ancestry]
  3204 | D:3      | Reached XP level 6. HP: 23/48 MP: 7/7
  3636 | D:4      | Found Tielex's Magic Scroll Boutique.
  3700 | D:4      | Bought a scroll of enchant armour for 105 gold pieces
  3700 | D:4      | Bought a scroll of enchant weapon for 105 gold pieces
  3784 | D:4      | Found Faumaipn's Book Shop.
  3787 | D:4      | Identified the +0 chain mail "Dybiv" {rN+ rCorr}
  3960 | D:4      | Found a staircase to the Ecumenical Temple.
  4058 | D:4      | Bought a scroll of identify for 28 gold pieces
  4219 | D:4      | Found Jutiut's Magic Scroll Shoppe.
  4222 | D:4      | Noticed a hornet
  4229 | D:4      | Paralysed by a hornet for 2 turns
  4230 | D:4      | Succumbed to a hornet's poison

Illustrated notes

Levels and vault maps discovered:
D:1:      ldierk_walled_garden_2, layout_basic, grunt_decor_one_mirror,
          minmay_heptomino_d4
D:2:      layout_rooms, ebering_ecumenical_altar_sacrificial, uniq_jessica
D:3:      minmay_recursive_quarters, layout_basic, uniq_sigmund
D:4:      layout_loops_ring, temple_green, serial_shops,
          nicolae_shop_statue_plus, kennysheep_mini_moat, shop, shop, shop

Skill      XL: |  1  2  3  4  5 |
---------------+----------------+-----
Long Blades    | 2 3 4 |  4.8
Dodging        | 1 |  1.6
Armour         | 2 3 |  3.5
Fighting       | 4 |  4.4
Stealth        | |  0.3
Invocations    | |  2.5

Action                   |  1- 3 |  4- 6 || total
-------------------------+-------+-------++-------
Melee: Falchion          |   105 |   234 ||   339
Invok: Depart the Abyss  |     1 |       ||     1
  Use: Potion            |       |     7 ||     7
       Scroll            |       |    11 ||    11
Armor: Plate armour      |   154 |   249 ||   403
Dodge: Dodged            |    30 |    92 ||   122
       Rpst.: Falchion   |    10 |    33 ||    43

Table legend: (Time is in decaauts)
 A = Elapsed time spent in this place.
 B = Non-inter-level travel time spent in this place.
 C = Inter-level travel time spent in this place.
 D = Time resting spent in this place.
 E = Time spent auto-exploring this place.
 F = Levels seen in this place.
 G = Mean time per level.
                   A        B        C        D        E       F      G
               +--------+--------+--------+--------+--------+-----+--------+
         Total |   4276 |   4276 |      0 |    159 |   2543 |   6 |  712.7 |
       Dungeon |   4149 |   4149 |      0 |    159 |   2485 |   4 | 1037.2 |
         Abyss |    126 |    126 |      0 |      0 |     58 |   2 |   63.0 |
               +--------+--------+--------+--------+--------+-----+--------+

Top non-repeatable levels by time:
     D:3: 1442 daAuts
     D:1: 1372 daAuts
     D:2: 728 daAuts
     D:4: 606 daAuts
 Abyss:2: 71 daAuts
 Abyss:1: 55 daAuts
